 Dungeon Crawl Stone Soup version 0.17-a0-2070-g2a5e0a8 (webtiles) character file.

7614 darkyelfff the Blocker (level 10, -5/91 HPs)
             Began as a Minotaur Fighter on Oct 14, 2015.
             Was a Believer of Qazlal.
             Slain by a six-headed hydra (6 damage)
             ... on level 2 of the Lair of Beasts.
             The game lasted 01:01:23 (8395 turns).

darkyelfff the Blocker (Minotaur Fighter)           Turns: 8395, Time: 01:01:23

Health: -5/91      AC: 13    Str: 25    XL:     10   Next: 98%
Magic:  7/13       EV:  9    Int:  5    God:    Qazlal [**....]
Gold:   493        SH: 16    Dex:  9    Spells: 2 memorised, 12 levels left

rFire  . . .     SeeInvis .     B - +5 hand axe (elec)
rCold  . . .     Clarity  .     E - +0 chain mail
rNeg   . . .     SustAt   .     c - +1 shield
rPois  .         Gourm    .     (helmet restricted)
rElec  .         Spirit   .     b - +0 cloak
rCorr  .         Warding  .     (no gloves)
rMut   .         Stasis   .     (no boots)
MR     .....                    (no amulet)
Stlth  ..........               (no ring)
                                t - ring of wizardry

@: about to teleport, not resistant to hostile enchantments, extremely
unstealthy
A: retaliatory headbutt, horns 2
a: Upheaval, Renounce Religion


You were on level 2 of the Lair of Beasts.
You worshipped Qazlal.
Qazlal was pleased with you.
You were very full.

You visited 3 branches of the dungeon, and saw 12 of its levels.
You also visited: Ossuary.

You collected 493 gold pieces.

Inventory:

Hand Weapons
 f - a +0 halberd
 g - a +2 quarterstaff of pain
 h - a cursed +1 flail
 j - a +2 flail of holy wrath
 q - a +2 falchion of electrocution
 v - a +0 hunting sling
 B - a +5 hand axe of electrocution (weapon)
 L - a +3 falchion
Missiles
 n - 56 poisoned needles (quivered)
 y - 66 sling bullets
 A - 2 throwing nets
 P - 10 silver bolts
Armour
 b - a +0 cloak (worn)
 c - a +1 shield (worn)
 E - a +0 chain mail (worn)
 Q - a +0 chain mail
Magical Staves
 T - an uncursed staff of wizardry {unknown}
Jewellery
 t - a ring of wizardry (left hand)
Wands
 d - a wand of cold (5)
 o - a wand of draining (1)
 D - a wand of heal wounds (3)
 U - a wand of fire (4)
Scrolls
 k - 3 scrolls of enchant weapon
 m - 12 scrolls of teleportation
 p - 2 scrolls of remove curse
 r - a scroll of enchant armour
 s - a scroll of recharging
 w - 2 scrolls of summoning {unknown}
 x - 5 scrolls of magic mapping
 N - a scroll of fog
 S - a scroll of random uselessness
 W - 2 scrolls of identify
Potions
 e - 9 potions of curing
 i - 3 potions of heal wounds
 l - a potion of cancellation {unknown}
 u - a potion of agility {unknown}
 z - 3 potions of resistance
 H - a potion of degeneration
 K - a potion of brilliance {unknown}
 M - 2 potions of poison
Books
 C - a book of Clouds

   Spells                             Type                      Level
   a - Mephitic Cloud                 Conjuration/Poison/Air       3
   b - Conjure Flame                  Conjuration/Fire             3
   c - Poisonous Cloud                Conjuration/Poison/Air       6
   d - Freezing Cloud                 Conjuration/Ice/Air          6
   e - Ring of Flames                 Charms/Fire                  7
 F - a book of the Dragon

   Spells                             Type                      Level
   a - Flame Tongue                   Conjuration/Fire             1
   b - Cause Fear                     Hexes                        4
   c - Bolt of Fire                   Conjuration/Fire             6
   d - Dragon Form                    Transmutation                7
   e - Dragon's Call                  Summoning                    9
 G - a book of Flames

   Spells                             Type                      Level
   a - Flame Tongue                   Conjuration/Fire             1
   b - Throw Flame                    Conjuration/Fire             2
   c - Conjure Flame                  Conjuration/Fire             3
   d - Inner Flame                    Hexes/Fire                   3
   e - Sticky Flame                   Conjuration/Fire             4
   f - Fireball                       Conjuration/Fire             5
Comestibles
 a - 4 bread rations
 I - 2 meat rations
 J - 7 fruits
 O - 3 beef jerkies
 R - 3 slices of pizza
 V - a royal jelly


   Skills:
 * Level 9.0 Fighting
 * Level 9.2 Axes
 + Level 0.4 Slings
 * Level 10.5 Armour
 + Level 3.4 Dodging
 * Level 10.7 Shields
 * Level 3.1 Spellcasting
 + Level 1.1 Conjurations
 + Level 1.1 Fire Magic
 + Level 0.2 Invocations
 + Level 0.8 Evocations


You had 12 spell levels left.
You knew the following spells:

 Your Spells              Type           Power        Failure   Level  Hunger
a - Flame Tongue          Conj/Fire      #....        90%         1    ##.....
b - Throw Flame           Conj/Fire      #.....       97%         2    ###....


Dungeon Overview and Level Annotations

Branches:
Dungeon (9/15)             Temple (1/1) D:6            Lair (2/8) D:9
    Orc: D:9-12

Altars:
Ashenzari
Cheibriados
Dithmenos
Elyvilon
Fedhas
Gozag
Kikubaaqudgha
Makhleb
Nemelex Xobeh
Okawaru
Qazlal
Ru
Sif Muna
Trog
Vehumet
Xom
Yredelemnul
Zin
The Shining One


Innate Abilities, Weirdness & Mutations

You reflexively headbutt those who attack you in melee.
You have a pair of horns on your head.


Message History

You block the six-headed hydra's attack.
The six-headed hydra bites you but does no damage. x2
The six-headed hydra bites you!
* * * LOW HITPOINT WARNING * * *
The six-headed hydra bites you.
* * * LOW HITPOINT WARNING * * *
The six-headed hydra completely misses you.
You see here an elephant corpse.
Drink which item? (? for menu, Esc to quit)
You feel much better. The elephant barely misses you.
You block the elephant's attack.
The elephant is engulfed in roaring flames.
The elephant tramples you!
* * * LOW HITPOINT WARNING * * *
You stumble backwards!
The six-headed hydra bites you but does no damage.
The six-headed hydra bites you.
* * * LOW HITPOINT WARNING * * *
The six-headed hydra bites you.
You die...

........................
........................
........................
................†##.
##..##+####'#.#..#
##.##.. ###.###..##
#P.#..+##P#'# #...#
#..##.......###..##
##.+.........##.@.#
##.P..._...<##..YD#
#...........###Y§h#
#..#........##....#
#..############..## ...#
#.... #..P ....... ....
.......... ....
...........


You could see a six-headed hydra, 2 elephants and a polar bear.

Vanquished Creatures
  Erolcha (D:8)
  2 elephants (Lair:2)
  A spiny frog (Lair:1)
  A komodo dragon (D:9)
  A troll (D:9)
  4 blink frogs (Lair:1)
  2 two-headed ogres
  2 wraiths (Ossuary)
  A wyvern (D:9)
  A human (D:2)
  A hippogriff (D:8)
  A water moccasin (Lair:1)
  A black bear (D:7)
  3 porcupines (Lair:1)
  5 ogres
  2 centaurs
  An orc warrior (D:6)
  4 ice beasts
  2 crocodiles (Lair:1)
  4 giant frogs
  A wyvern skeleton (D:8)
  3 scorpions
  2 wights (Ossuary)
  2 quasits
  5 jellies
  4 crimson imps
  6 orc wizards
  A giant frog zombie (D:9)
  A giant frog skeleton (D:8)
  A gnoll shaman (D:4)
  2 orc priests
  6 hounds
  A centaur skeleton (D:7)
  6 iguanas
  6 worker ants
  A hound zombie (D:5)
  4 gnolls (D:4)
  7 adders
  3 shadow imps
  An ooze (D:6)
  4 adder zombies
  6 giant geckos
  22 orcs
  8 hobgoblins
  3 jackals (D:2)
  4 kobolds
  A quokka (D:5)
  2 ball python skeletons (Ossuary)
  6 bats
  A giant cockroach (D:1)
  2 giant newts
  8 goblins
  2 hobgoblin zombies (Ossuary)
  A kobold zombie (Ossuary)
  An orc skeleton (Ossuary)
  A quokka skeleton (D:4)
  4 rats
  A butterfly (Lair:1)
  2 fungi
  4 plants
186 creatures vanquished.

Vanquished Creatures (others)
  A plant (D:9)
1 creature vanquished.

Grand Total: 187 creatures vanquished

Notes
Turn   | Place    | Note
--------------------------------------------------------------
     0 | D:1      | darkyelfff the Minotaur Fighter began the quest for the Orb.
     0 | D:1      | Reached XP level 1. HP: 19/19 MP: 0/0
   317 | D:1      | Reached XP level 2. HP: 27/27 MP: 1/1
   768 | D:2      | Reached skill level 4 in Armour
   793 | D:2      | Found a runed door.
   793 | D:2      | Noticed a human
   796 | D:2      | Found a basalt altar of Yredelemnul.
   799 | D:2      | Reached XP level 3. HP: 31/33 MP: 2/2
   821 | D:2      | Killed a human
   821 | D:2      | Reached XP level 4. HP: 21/41 MP: 3/3
   821 | D:2      | Reached XP level 5. HP: 24/47 MP: 4/4
   863 | D:2      | Reached skill level 5 in Shields
  2193 | D:4      | Found a deep blue altar of Sif Muna.
  2237 | D:4      | Reached skill level 5 in Armour
  2246 | D:4      | Reached skill level 5 in Fighting
  2246 | D:4      | Reached XP level 6. HP: 37/56 MP: 5/5
  2342 | D:4      | Noticed an ogre
  2352 | D:4      | Killed an ogre
  2352 | D:4      | Reached skill level 1 in Dodging
  2560 | D:4      | Reached XP level 7. HP: 57/61 MP: 6/6
  2821 | D:4      | Reached skill level 6 in Armour
  3318 | D:5      | Entered Level 5 of the Dungeon
  3339 | D:5      | Found an opulent altar of Gozag.
  3795 | D:5      | Reached skill level 5 in Axes
  4323 | D:6      | Reached skill level 7 in Armour
  4323 | D:6      | Reached XP level 8. HP: 63/70 MP: 7/7
  4642 | D:6      | Found a staircase to the Ecumenical Temple.
  5036 | D:6      | Found an opulent altar of Gozag.
  5052 | D:6      | Found a glowing silver altar of Zin.
  5060 | D:6      | Found a shadowy altar of Dithmenos.
  5276 | Temple   | Entered the Ecumenical Temple
  5425 | Temple   | Became a worshipper of Qazlal Stormbringer
  5740 | D:7      | Learned a level 1 spell: Flame Tongue
  5790 | D:7      | Found a sand-covered staircase.
  5839 | Ossuary  | Entered an ossuary
  5922 | Ossuary  | Reached * piety under Qazlal
  6018 | Ossuary  | Reached skill level 8 in Armour
  6018 | Ossuary  | Reached XP level 9. HP: 54/79 MP: 8/8
  6215 | D:7      | Reached skill level 1 in Spellcasting
  6256 | D:7      | Found a blossoming altar of Fedhas.
  6341 | D:7      | Found a shimmering altar of Xom.
  6456 | D:8      | Found an iron altar of Okawaru.
  6513 | D:8      | Reached skill level 9 in Armour
  6731 | D:8      | Noticed Erolcha
  6739 | D:8      | Killed Erolcha
  6739 | D:8      | Reached XP level 10. HP: 76/88 MP: 11/11
  6826 | D:8      | Learned a level 2 spell: Throw Flame
  7217 | D:9      | Reached ** piety under Qazlal
  7361 | D:9      | Found a staircase to the Lair.
  7394 | Lair:1   | Entered Level 1 of the Lair of Beasts
  7400 | Lair:1   | Reached skill level 10 in Shields
  7466 | Lair:1   | Reached skill level 1 in Fire Magic
  7486 | Lair:1   | Reached skill level 1 in Conjurations
  7503 | Lair:1   | Reached skill level 10 in Armour
  8332 | Lair:2   | Found an ancient bone altar of Kikubaaqudgha.
  8371 | Lair:2   | Noticed an elephant
  8372 | Lair:2   | Noticed an elephant
  8372 | Lair:2   | Noticed an elephant
  8372 | Lair:2   | Noticed a five-headed hydra
  8374 | Lair:2   | Noticed an elephant
  8375 | Lair:2   | Noticed an elephant
  8379 | Lair:2   | Killed an elephant
  8392 | Lair:2   | Killed an elephant
  8394 | Lair:2   | HP: 4/91 [six-headed hydra (12)]
  8395 | Lair:2   | HP: 1/91 [six-headed hydra (5)]
  8395 | Lair:2   | Slain by a six-headed hydra

Vault maps used:
D:1:      lemuel_arrival_broad_hall, st_stairs_5
D:2:      dk_yredelemnul_ordeal
D:3:      first_bread
D:4:      forest_paths, nicolae_overflow_crystal_walls
D:5:      nicolae_gozag_seed_capital
D:6:      grunt_temple_overflow_diamond, temple_pool_a
D:7:      kennysheep_mini_moat, nicolae_ossuary_entry_plus, basic_altar
D:8:      overflow_temple_1_default, uniq_erolcha
D:9:      david_lair_shrubbed
Temple:   nicolae_temple_god_jail
Lair:1:   lemuel_fruit_tree, lemuel_fruit_fields
Lair:2:   basic_altar
Ossuary:  ossuary_due_cavern

Action                   |  1- 3 |  4- 6 |  7- 9 | 10-12 || total
-------------------------+-------+-------+-------+-------++-------
Melee: War axe           |    44 |    86 |    51 |       ||   181
       Hand axe          |       |       |   196 |   136 ||   332
 Fire: Hunting sling     |       |     2 |       |       ||     2
Throw: Throwing net      |       |     1 |     1 |       ||     2
Invok: Upheaval          |       |       |       |     4 ||     4
Evoke: Wand              |       |       |     4 |     3 ||     7
  Use: Scroll            |     2 |     2 |    15 |     4 ||    23
       Potion            |       |     4 |     6 |     2 ||    12
  Eat: Meat ration       |       |     1 |     1 |       ||     2
       Bread ration      |       |     1 |     1 |       ||     2
       Chunk             |       |       |     1 |     1 ||     2
       Fruit             |       |       |     2 |    11 ||    13
